Map: 莱瑞拉克之冠

Players

Lucid - Winner!

  • Race: Zerg Zerg

shengy

  • Race: Zerg Zerg
  • League: Gold

VOD

Have the link to the VOD?

Description

Time

  • Played on: Nov. 24, 2015, 10:03 p.m.
  • Length: 3:44
Show
View Real Time Build Order
Export as new Build Order

Lucid Zerg - Winner!

Build Orders: Hatch First 

Get SALT Encoding   

  12  0:01  Drone  
  13  0:08  Drone  
  14  0:34  Hatchery  
  13  0:38  Drone  
  14  0:55  Spawning Pool  
  14  0:56  Drone  
  14  1:04  Extractor  
  13  1:11  Drone  
  14  1:22  Overlord  
  14  1:40  Drone x3  
  14  1:42  Queen  
  19  1:51  Queen  
  21  1:56  Drone  
  22  2:11  Metabolic Boost  
  22  2:21  Zergling x4  
  22  2:22  Zergling x6  
  27  2:28  Overlord  
  27  2:49  Zergling x8  
  31  3:06  Zergling x6  
  31  3:11  Overlord  
  34  3:23  Zergling x2  
  34  3:24  Overlord, Zergling x2  
Show
View Real Time Build Order
Export as new Build Order

shengy Zerg 

Build Orders: Hatch First 

Get SALT Encoding   

  12  0:01  Drone  
  13  0:08  Drone  
  14  0:17  Overlord  
  14  0:35  Drone x3  
  17  0:46  Drone  
  18  0:59  Hatchery, Drone  
  18  1:08  Overlord  
  18  1:21  Drone  
  19  1:31  Drone, Spawning Pool  
  20  1:40  Drone  
  20  1:52  Drone  
  21  2:02  Drone  
  21  2:07  Extractor  
  21  2:13  Drone x2  
  23  2:20  Queen  
  23  2:22  Drone  
  26  2:26  Drone  
  27  2:35  Zergling x2  
  28  2:48  Overlord  
  28  3:05  Overlord  
  28  3:06  Queen  
  30  3:18  Overlord x2  
  30  3:27  Drone x4, Extractor  
  37  3:39  Hatchery  
Tags
 
Add a new tag
Caveats
  • Supply blocks, unpowered buildings, or Contaminate may cause inaccurate times.
  • Supply counts are checked every 10 seconds.